 Dungeon Crawl Stone Soup version 0.29-a0-334-gb41bcbb86e (webtiles) character file.

Game seed: 1288619704223474895

203 HendSelp the Poker (level 5, 0/40 HPs)
             Began as a Merfolk Gladiator on Apr 13, 2022.
             Slain by a scorpion (2 damage)
             ... on level 4 of the Dungeon.
             The game lasted 00:08:47 (3085 turns).

HendSelp the Poker (Merfolk Gladiator)              Turns: 3085, Time: 00:08:48

Health: 0/40       AC:  7    Str: 16    XL:     5   Next: 81%
Magic:  14/14      EV: 14    Int:  9    God:
Gold:   243        SH:  0    Dex: 16    Spells: 4/4 levels left

rFire   . . .      SeeInvis +   a - +0 trident
rCold   . . .      Faith    .   (no shield)
rNeg    + . .      Spirit   .   q - +1 leather armour of Masochism {rN+ rCorr MP+9 Int+2}
rPois   +          Reflect  .   c - +0 helmet
rElec   .          Harm     .   d - +1 cloak {rPois}
rCorr   +          Rampage  .   (no gloves)
Will    .....                   (no boots)
Stlth   ++........              (no amulet)
HPRegen 0.13/turn               i - ring of see invisible
MPRegen 0.14/turn               (no ring)

@: lethally poisoned (0 -> -8)
A: (nimble swimmer 2), mertail
a: no special abilities


You were on level 4 of the Dungeon.
You visited 1 branch of the dungeon, and saw 4 of its levels.

You collected 243 gold pieces.

Inventory:

Hand Weapons
 a - a +0 trident (weapon)
Missiles
 e - 5 javelins (quivered)
Armour
 c - a +0 helmet (worn)
 d - a +1 cloak of poison resistance (worn)
 q - the +1 leather armour of Masochism (worn) {rN+ rCorr MP+9 Int+2}
   (You found it on level 3 of the Dungeon)

   Int:       It affects your intelligence (+2).
   rN:        It protects you from negative energy.
   MP:        It affects your magic capacity (+9).
   rCorr:     It protects you from acid and corrosion.
Jewellery
 i - a ring of see invisible (left hand)
Wands
 l - a wand of iceblast (8)
Scrolls
 f - 3 scrolls of immolation
 g - a scroll of fear
 o - 2 scrolls of teleportation
Potions
 b - 2 potions of lignification {unknown}
 h - a potion of attraction {unknown}
 j - a potion of ambrosia
 m - a potion of degeneration {unknown}
 n - 2 potions of brilliance {unknown}
 p - a potion of resistance {unknown}


   Skills:
 + Level 2.9 Fighting
 + Level 6.1 Polearms
 + Level 2.2 Throwing
 + Level 1.4 Armour
 + Level 5.1 Dodging
 + Level 1.1 Stealth


You had 4 spell levels left.
You didn't know any spells.
Your spell library contained the following spells:

 Spells                   Type           Power      Damage    Failure   Level
 Tukima's Dance           Hex            0%         N/A       83%         3
 Passage of Golubria      Tloc           0%         N/A       99%         4
 Yara's Violent Unravell  Hex/Tmut       0%         3d3       100%        5


Dungeon Overview and Level Annotations

Branches:
Dungeon (4/15)
 Temple: D:4-7

Altars:


Innate Abilities, Weirdness & Mutations

((You are very nimble when in or above water. (Stealth+, EV+, Speed+++)))
Your lower body shifts to a powerful aquatic tail in water.


Message History

You hit the iguana but do no damage.
The iguana is almost dead.
The iguana misses you.
There are monsters nearby!
You hit the iguana.
You kill the iguana!
Unknown command.
You hit the scorpion but do no damage. The scorpion closely misses you.
You barely miss the scorpion. The scorpion stings you.
Unknown command.
You hit the scorpion.
The scorpion is moderately wounded.
The scorpion stings you but does no damage.
The scorpion stings you.
You completely miss the scorpion.
The scorpion is moderately wounded.
The scorpion stings you but does no damage.
You barely miss the scorpion.
The scorpion is moderately wounded.
The scorpion stings you.
Unknown command.
You hit the scorpion.
The scorpion is heavily wounded.
The scorpion stings you.
You are lethally poisoned!
The scorpion poisons you!
You closely miss the scorpion.
The scorpion is heavily wounded.
* * * LOW HITPOINT WARNING * * *
You feel very sick.
The scorpion stings you but does no damage.
Unknown command.
You barely miss the scorpion.
The scorpion is heavily wounded.
* * * LOW HITPOINT WARNING * * *
You feel very sick. The scorpion stings you.
* * * LOW HITPOINT WARNING * * *
The scorpion stings you.
You die...

#.# #.#
#.# #.#
#.# #.#
###
#s###.##
#@##.#.##
#...###.#
####.#.##
##.###..
#.# #.#
#.# #.#
#.# #.#
#.# #.#
#.# #.#


You could see a scorpion.

Vanquished Creatures
  A hound (D:2)
  Crazy Yiuf (D:3)
  An iguana (D:4)
  Ijyb (D:3)
  2 adders (D:3)
  A dart slug (D:2)
  2 orcs (D:3)
  4 bats (D:1)
  5 endoplasms
  2 giant cockroaches
  10 goblins
  7 hobgoblins
  11 jackals
  5 kobolds
  2 quokkas
  2 ball pythons
  3 frilled lizards
  3 rats
63 creatures vanquished.

Notes
Turn   | Place    | Note
-------+----------+-------------------------------------------
     0 | D:1      | HendSelp the Merfolk Gladiator began the quest for the Orb.
     0 | D:1      | Reached XP level 1. HP: 16/16 MP: 1/1
     5 | D:1      | Upgraded the game from 0.29-a0-330-g52719c12eb to
                  | 0.29-a0-334-gb41bcbb86e
    52 | D:1      | Reached XP level 2. HP: 22/22 MP: 2/2
   517 | D:1      | Reached XP level 3. HP: 27/28 MP: 3/3
  1153 | D:2      | Reached skill level 5 in Polearms
  1153 | D:2      | Reached XP level 4. HP: 25/34 MP: 4/4
  1613 | D:3      | Noticed Ijyb
  1628 | D:3      | Killed Ijyb
  1629 | D:3      | Reached skill level 1 in Armour
  1629 | D:3      | Reached skill level 5 in Dodging
  1881 | D:3      | Found a runed translucent door.
  1882 | D:3      | Noticed Crazy Yiuf
  1928 | D:3      | Reached XP level 5. HP: 16/39 MP: 5/5
  2328 | D:3      | Identified the +1 leather armour of Masochism {rN+ rCorr
                  | MP+9 Int+2}
  2899 | D:3      | Killed Crazy Yiuf
  2900 | D:3      | Reached skill level 6 in Polearms
  2900 | D:3      | Reached skill level 1 in Stealth
  3085 | D:4      | HP: 2/40 [scorpion (6)]
  3085 | D:4      | Slain by a scorpion

Illustrated notes

Levels and vault maps discovered:
D:1:      grunt_arrival_lava_bath, layout_basic, minmay_misc_feat_chi,
          dk_noncrumbling_3, minmay_pentomino_t2
D:2:      layout_rooms, minmay_fractal_squares_5
D:3:      layout_loops_ring, uniq_crazy_yiuf_cottage, uniq_ijyb
D:4:      layout_loops_ring, mainiacjoe_overflow_cross_hatched, uniq_natasha

Skill      XL: |  1  2  3  4  5 |
---------------+----------------+-----
Polearms       | 5 6 |  6.1
Armour         | 1 |  1.4
Dodging        | 5 |  5.1
Stealth        | 1 |  1.1
Fighting       | |  2.9
Throwing       | |  2.2

Action                   |  1- 3 |  4- 6 || total
-------------------------+-------+-------++-------
Melee: Trident           |   111 |   106 ||   217
Throw: Throwing net      |       |     3 ||     3
  Use: Scroll            |     5 |     2 ||     7
 Stab: Held in net/web   |       |     4 ||     4
Armor: Leather armour    |    27 |    18 ||    45
Dodge: Dodged            |    69 |    58 ||   127

Table legend: (Time is in decaauts)
 A = Elapsed time spent in this place.
 B = Non-inter-level travel time spent in this place.
 C = Inter-level travel time spent in this place.
 D = Time resting spent in this place.
 E = Time spent auto-exploring this place.
 F = Levels seen in this place.
 G = Mean time per level.
                   A        B        C        D        E       F      G
               +--------+--------+--------+--------+--------+-----+--------+
         Total |   3093 |   3046 |     47 |    114 |   2481 |   4 |  773.2 |
       Dungeon |   3093 |   3046 |     47 |    114 |   2481 |   4 |  773.2 |
               +--------+--------+--------+--------+--------+-----+--------+

Top non-repeatable levels by time:
     D:3: 1436 daAuts
     D:2: 897 daAuts
     D:1: 709 daAuts
     D:4: 49 daAuts
